Map: Ruins of Endion

Players

Miszu - Winner!

  • Race: Terran Terran
  • League: Master

BamBam

  • Race: Zerg Zerg
  • League: Master

VOD

Have the link to the VOD?

Description

Time

  • Played on: June 27, 2016, 9:44 a.m.
  • Length: 11:12
Show
View Real Time Build Order
Export as new Build Order

Miszu Terran - Winner!

Build Orders:  

Get SALT Encoding   

  12  0:01  SCV  
  13  0:13  SCV  
  14  0:19  Supply Depot  
  14  0:25  SCV  
  15  0:40  SCV  
  15  0:42  Barracks  
  16  0:45  Refinery  
  16  0:52  SCV  
  17  1:05  SCV  
  18  1:17  SCV  
  19  1:30  SCV  
  19  1:32  Reaper  
  21  1:34  Command Center  
  21  1:45  Supply Depot  
  21  1:50  Orbital Command  
  21  2:04  Barracks Reactor  
  21  2:07  Refinery  
  21  2:17  SCV  
  21  2:22  Factory  
  22  2:29  SCV  
  23  2:41  SCV  
  24  2:44  Marine  
  24  2:45  Marine  
  24  2:47  Orbital Command  
  26  2:53  SCV  
  27  3:02  Marine x2  
  30  3:05  SCV  
  30  3:07  Starport  
  30  3:08  Factory Tech Lab  
  30  3:13  SCV  
  30  3:17  SCV  
  30  3:18  Supply Depot  
  32  3:20  Marine x2  
  32  3:25  SCV  
  35  3:29  SCV  
  36  3:35  Factory Reactor  
  36  3:37  SCV  
  36  3:38  Marine x2  
  39  3:42  SCV  
  40  3:49  SCV  
  40  3:54  SCV  
  42  3:56  Marine x2  
  42  3:57  Command Center  
  42  4:01  SCV  
  45  4:06  SCV  
  46  4:14  Marine, SCV  
  48  4:18  SCV  
  48  4:19  Marine  
  48  4:20  Medivac x2  
  54  4:26  Widow Mine  
  54  4:28  Supply Depot  
  56  4:32  Marine  
  56  4:34  SCV  
  56  4:35  SCV  
  56  4:37  Marine  
  60  4:39  Refinery  
  60  4:41  Refinery  
  60  4:44  Engineering Bay x2, Liberator x2  
  60  4:47  SCV x2  
  62  4:53  Supply Depot  
  62  4:59  SCV x2  
  70  5:09  Siege Tank  
  70  5:11  SCV x2, Orbital Command  
  75  5:23  SCV  
  75  5:25  SCV  
  75  5:28  Terran Infantry Weapons Level 1, Terran Infantry Armor Level 1  
  77  5:35  SCV  
  68  5:43  Marine x2  
  68  5:45  SCV  
  71  5:51  Orbital Command  
  71  5:58  Barracks x2  
  71  5:59  SCV x2  
  71  6:00  Marine  
  71  6:01  Marine, Barracks  
  71  6:03  Barracks  
  75  6:04  Barracks  
  75  6:11  SCV x2  
  77  6:24  Marine x2  
  77  6:25  SCV  
  80  6:26  SCV x2  
  80  6:28  Medivac x2, Siege Tank  
  89  6:37  SCV  
  89  6:38  SCV x2  
  92  6:41  Marine  
  92  6:42  Marine  
  92  6:45  Armory  
  93  6:48  Supply Depot  
  93  6:51  Barracks Tech Lab  
  93  6:52  Barracks Tech Lab  
  93  6:53  Barracks Reactor x2, SCV  
  93  6:54  Barracks Reactor  
  93  6:56  SCV x2  
  93  6:59  Marine  
  93  7:03  Supply Depot  
  93  7:04  Marine  
  91  7:09  Marine  
  91  7:12  Marine  
  91  7:13  Stimpack  
  91  7:14  Combat Shields  
  93  7:17  Marine, Medivac x2  
  93  7:22  Refinery, Marine  
  98  7:23  Supply Depot, Refinery, SCV x2  
  98  7:24  Supply Depot  
  98  7:25  SCV  
  98  7:27  Marine  
  103  7:30  Marauder  
  103  7:31  Marine x5  
  103  7:32  Marine  
  103  7:35  Marine  
  107  7:40  Marine  
  107  7:42  Terran Infantry Armor Level 2, Terran Infantry Weapons Level 2  
  105  7:45  Marauder  
  105  7:47  Command Center  
  105  7:49  Marine x4  
  105  7:50  Marine  
  112  7:51  Marauder  
  112  7:53  Liberator  
  113  8:01  Marine x3  
  113  8:02  Medivac  
  118  8:06  Marine  
  118  8:07  Marine, Marauder  
  118  8:12  Missile Turret  
  125  8:15  Marauder  
  125  8:23  Starport  
  125  8:27  Marine x3, Missile Turret  
  125  8:36  Missile Turret  
  125  8:42  Supply Depot  
  125  8:43  Supply Depot  
  125  8:44  Liberator  
  125  8:45  Supply Depot  
  125  8:47  Liberator  
  125  8:58  Marine x8  
  125  8:59  Starport Reactor, Marauder x2  
  143  9:16  Marine x7  
  150  9:18  Barracks  
  150  9:19  Barracks  
  150  9:20  Marauder x2, Barracks  
  150  9:22  Marine  
  155  9:28  Liberator  
  155  9:31  Liberator  
  155  9:32  Bunker, Liberator  
  155  9:33  Missile Turret  
  155  9:34  Marine x7  
  162  9:39  Marine  
  162  9:45  Marauder  
  163  9:49  Marauder  
  163  9:51  Marine x3  
  164  9:56  Planetary Fortress  
  164  10:07  Barracks Tech Lab  
  164  10:08  Barracks Tech Lab x2  
  164  10:09  Liberator  
  164  10:11  Liberator  
  164  10:12  Marine x2  
  164  10:14  Marine  
  164  10:26  Marine, SCV  
  164  10:27  Marauder x2  
  160  10:34  Marine, Marauder  
  164  10:35  Marauder  
Show
View Real Time Build Order
Export as new Build Order

BamBam Zerg 

Build Orders: Hatch First, Muta Ling Bane 

Get SALT Encoding   

  12  0:01  Drone  
  13  0:09  Drone  
  14  0:20  Extractor  
  14  0:21  Extractor, Drone x2  
  13  0:27  Overlord  
  16  0:50  Hatchery  
  16  0:54  Drone  
  16  0:57  Drone  
  16  1:01  Drone  
  18  1:16  Spawning Pool  
  17  1:20  Drone  
  17  1:22  Drone  
  19  1:29  Drone  
  20  1:49  Drone  
  20  1:51  Hatchery  
  20  1:52  Drone  
  21  2:03  Queen  
  23  2:09  Queen  
  23  2:12  Zergling x2  
  23  2:15  Zergling x2  
  27  2:18  Zergling x2  
  28  2:23  Overlord  
  28  2:30  Spore Crawler  
  28  2:32  Overlord  
  28  2:42  Queen  
  30  2:44  Queen  
  30  2:50  Drone x2  
  34  2:55  Drone x2  
  36  3:03  Drone  
  36  3:04  Drone x3  
  40  3:06  Extractor  
  40  3:08  Extractor  
  40  3:10  Drone  
  39  3:15  Drone  
  39  3:16  Drone x2  
  39  3:18  Drone  
  43  3:20  Drone  
  43  3:25  Overlord  
  44  3:35  Drone x4  
  48  3:44  Drone x3  
  48  3:45  Drone  
  52  3:49  Overlord  
  52  4:02  Metabolic Boost  
  52  4:05  Overlord x3  
  52  4:14  Evolution Chamber  
  52  4:15  Evolution Chamber  
  50  4:17  Drone x2  
  50  4:18  Drone x4  
  56  4:33  Drone x5  
  56  4:34  Drone x3  
  56  4:36  Overlord  
  56  4:37  Overlord  
  64  4:41  Zerg Ground Armor Level 1  
  64  4:44  Zerg Melee Weapons Level 1  
  64  4:51  Zergling x8  
  64  4:52  Zergling x2  
  69  4:59  Zergling x4  
  72  5:00  Zergling x6  
  72  5:04  Zergling x4  
  72  5:05  Zergling x4  
  78  5:07  Lair  
  78  5:11  Baneling Nest  
  72  5:43  Drone x3  
  72  5:44  Drone x12  
  72  5:46  Extractor  
  72  5:47  Extractor  
  85  5:57  Overlord x2, Hatchery  
  85  6:01  Pneumatized Carapace  
  84  6:22  Spore Crawler  
  84  6:23  Overseer  
  83  6:31  Spore Crawler  
  81  6:35  Zergling x4  
  81  6:36  Zergling x24  
  81  6:37  Centrifical Hooks  
  81  6:38  Spire, Infestation Pit  
  90  7:01  Extractor  
  90  7:04  Extractor  
  88  7:10  Drone x2  
  88  7:11  Drone x3  
  88  7:12  Drone  
  94  7:21  Zerg Ground Armor Level 2, Zerg Melee Weapons Level 2  
  94  7:32  Baneling x3  
  90  7:41  Spore Crawler  
  90  7:44  Spore Crawler  
  85  7:45  Drone x3  
  86  7:52  Mutalisk x3  
  86  7:53  Mutalisk  
  94  8:00  Zergling x2  
  94  8:01  Zergling x14  
  102  8:06  Zergling x2  
  102  8:10  Hatchery  
  102  8:12  Hive  
  101  8:15  Hatchery  
  101  8:18  Zergling x10  
  103  8:28  Drone  
  103  8:29  Drone x2  
  106  8:35  Overlord  
  102  9:06  Overlord x3  
  102  9:07  Overlord  
  102  9:09  Zergling x2  
  101  9:10  Zergling x30  
  101  9:14  Hydralisk Den  
  115  9:23  Drone  
  115  9:24  Drone x8  
  122  9:31  Ultralisk Cavern  
  122  9:33  Adrenal Glands  
  118  9:39  Zergling x2  
  118  9:40  Zergling x18  
  123  9:50  Zergling x2  
  123  9:51  Zergling x20  
  125  9:56  Baneling x11  
  125  9:57  Baneling  
  125  9:58  Baneling x4  
  125  10:04  Drone  
  125  10:05  Drone x3  
  116  10:33  Zergling x2  
  116  10:34  Zergling x40  
  122  10:35  Zergling x2  
  122  10:40  Baneling  
  122  10:41  Baneling x8  
  122  10:42  Baneling x4  
  122  10:43  Baneling  
  122  10:45  Zergling x2  
  122  10:47  Zergling x6  
  122  10:48  Zergling x2  
Tags
 
Add a new tag
Caveats
  • Supply blocks, unpowered buildings, or Contaminate may cause inaccurate times.
  • Supply counts are checked every 10 seconds.